 Dungeon Sprint DCSS version 0.22-a0-469-gf26638a (webtiles) character file.

219 raistware the Slicer (level 5, -1/25 HPs)
             Began as a Spriggan Assassin on June 12, 2018.
             Was a Priest of the Shining One.
             Killed from afar by a catoblepas (5 damage)
             ... with a blast of calcifying dust
             ... in the Dungeon (Sprint IX: "|||||||||||||||||||||||||||||").
             The game lasted 00:02:14 (330 turns).

raistware the Slicer (Spriggan Assassin)             Turns: 330, Time: 00:02:14

Health: -1/25      AC:  5    Str: 10    XL:     5   Next: 63%
Magic:  6/6        EV:  4    Int: 12    God:    the Shining One [***...]
Gold:   0          SH:  0    Dex: 19    Spells: 4/4 levels left

rFire    . . .     SeeInvis +   p - +2 rapier (venom)
rCold    . . .     Gourm    .   (shield restricted)
rNeg     + + +     Faith    .   c - +0 robe
rPois    ∞         Spirit   .   (helmet restricted)
rElec    .         Reflect  .   d - +0 cloak
rCorr    .         Harm     .   (gloves unavailable)
MR       .....     NoTele   +   (boots unavailable)
Stlth    ++........             (no amulet)
HPRegen  0.08/turn              r - +3 ring of strength
MPRegen  0.10/turn              s - +2 ring of protection

@: petrified, glowing, very quick
A: very small, unfitting armour, see invisible, herbivore, speed 3, slow
metabolism 2
a: Divine Shield, Renounce Religion


You were in the Dungeon.
You worshipped the Shining One.
The Shining One was most pleased with you.
You were not hungry.

You visited 1 branch

Inventory:

Hand Weapons
 a - a +2 dagger
 b - a +0 blowgun
 p - a +2 rapier of venom (weapon)
 q - a +2 scimitar of flaming
Missiles
 e - 8 poisoned needles
 f - 2 curare-tipped needles
Armour
 c - a +0 robe (worn)
 d - a +0 cloak (worn)
Jewellery
 r - a +3 ring of strength (left hand)
 s - a +2 ring of protection (right hand)
Wands
 o - a wand of acid (10)
Scrolls
 l - 3 scrolls of remove curse
 m - 2 scrolls of blinking
 n - 2 scrolls of amnesia
Potions
 h - 5 potions of curing
 i - a potion of heal wounds
 j - a potion of haste
 k - 4 potions of magic
Comestibles
 g - a ration


   Skills:
 - Level 1.5 Fighting
 - Level 10.6 Short Blades
 - Level 2.0 Throwing
 + Level 9.7 Dodging
 - Level 5.8 Stealth


You had 4 spell levels left.
You didn't know any spells.
Your spell library was empty.

Dungeon Overview and Level Annotations

Branches:
Dungeon (1/1)

Altars:
Cheibriados
Dithmenos
Elyvilon
Fedhas
Gozag
Hepliaklqana
Kikubaaqudgha
Makhleb
Nemelex Xobeh
Okawaru
Qazlal
Ru
Sif Muna
Trog
Uskayaw
Vehumet
Wu Jian
Xom
Yredelemnul
Zin
The Shining One
Beogh
Jiyva
Lugonu


Innate Abilities, Weirdness & Mutations

You are very small and have problems with some larger weapons.
You are too small for most types of armour.
You have supernaturally acute eyesight. (SInv)
You are a herbivore.
You cover ground extremely quickly.
You need to consume almost no food.


Message History

You are engulfed in calcifying dust.
Your limbs have turned to stone.
The catoblepas breathes a plume of calcifying dust at you.
The blast of calcifying dust hits you!
You have turned to stone.
You are engulfed in calcifying dust.
The catoblepas breathes a plume of calcifying dust at you.
The blast of calcifying dust hits you!
You are engulfed in calcifying dust.
The catoblepas gores you. The catoblepas gores you.
The catoblepas breathes a plume of calcifying dust at you.
The blast of calcifying dust hits you!
* * * LOW HITPOINT WARNING * * *
You are engulfed in calcifying dust.
The catoblepas breathes a plume of calcifying dust at you.
The blast of calcifying dust hits you!
* * * LOW HITPOINT WARNING * * *
You are engulfed in calcifying dust.
The catoblepas breathes a plume of calcifying dust at you.
The blast of calcifying dust hits you!
You die... ▓▓▓▓▓▓▓▓▓▓▓▓▓▓▓▓▓▓▓▓▓▓▓▓▓ _'!.|([[[..'§.§§@YCcoxW.. ▓▓▓▓▓▓▓▓▓▓▓▓▓▓▓▓▓▓▓▓▓▓▓▓▓

You could see a catoblepas, a centaur warrior, a cyclops, an unseen horror (invisible), a shadow (invisible) and an orc.

Vanquished Creatures
  A centaur (D)
  A crocodile (D)
  A worker ant (D)
  An adder (D)
  2 shadow imps (D)
  An adder zombie (D)
  A worm (D)
  2 leopard geckos (D)
  A bat skeleton (D)
  2 jackals (D)
  A kobold (D)
  2 rats (D)
16 creatures vanquished.

Notes
Turn   | Place    | Note
-------+----------+-------------------------------------------
     0 | D        | raistware the Spriggan Assassin began the quest for the Orb.
     0 | D        | Reached XP level 1. HP: 10/10 MP: 2/2
     6 | D        | Reached skill level 3 in Short Blades
    76 | D        | Reached skill level 4 in Short Blades
    76 | D        | Reached XP level 2. HP: 14/14 MP: 3/3
    88 | D        | Reached skill level 5 in Short Blades
    93 | D        | Reached skill level 5 in Dodging
    93 | D        | Reached XP level 3. HP: 17/18 MP: 4/4
    96 | D        | Reached skill level 6 in Short Blades
   100 | D        | Found a roughly hewn altar of Beogh.
   100 | D        | Found a snail-covered altar of Cheibriados.
   100 | D        | Found a shadowy altar of Dithmenos.
   100 | D        | Found a white marble altar of Elyvilon.
   100 | D        | Found a blossoming altar of Fedhas.
   100 | D        | Found an opulent altar of Gozag.
   103 | D        | Found a hazy altar of Hepliaklqana.
   104 | D        | Found a viscous altar of Jiyva.
   105 | D        | Found an ancient bone altar of Kikubaaqudgha.
   106 | D        | Found a corrupted altar of Lugonu.
   107 | D        | Found a burning altar of Makhleb.
   108 | D        | Found a sparkling altar of Nemelex Xobeh.
   109 | D        | Found an iron altar of Okawaru.
   110 | D        | Found a stormy altar of Qazlal.
   111 | D        | Found a sacrificial altar of Ru.
   112 | D        | Found a deep blue altar of Sif Muna.
   113 | D        | Found a bloodstained altar of Trog.
   114 | D        | Found a hide-covered altar of Uskayaw.
   115 | D        | Found a radiant altar of Vehumet.
   116 | D        | Found an ornate altar of the Wu Jian Council.
   117 | D        | Found a shimmering altar of Xom.
   118 | D        | Found a basalt altar of Yredelemnul.
   119 | D        | Found a glowing silver altar of Zin.
   120 | D        | Found a glowing golden altar of the Shining One.
   128 | D        | Became a worshipper of the Shining One
   194 | D        | Noticed a centaur
   194 | D        | Reached * piety under the Shining One
   194 | D        | Noticed a crocodile
   199 | D        | Killed a centaur
   199 | D        | Reached skill level 8 in Short Blades
   199 | D        | Reached XP level 4. HP: 13/22 MP: 5/5
   203 | D        | Reached ** piety under the Shining One
   205 | D        | Reached skill level 9 in Short Blades
   205 | D        | Reached XP level 5. HP: 18/25 MP: 6/6
   227 | D        | Killed a crocodile
   227 | D        | Reached skill level 10 in Short Blades
   312 | D        | Noticed a catoblepas
   312 | D        | Noticed a cyclops
   312 | D        | Noticed a centaur warrior
   312 | D        | Noticed an unseen horror
   312 | D        | Noticed a shadow
   312 | D        | Reached *** piety under the Shining One
   330 | D        | Killed from afar by a catoblepas

Vault maps used:
D:        linesprint

Skill      XL: |  1  2  3  4  5 |
---------------+----------------+-----
Short Blades   | 4 5 8 9 10 | 10.6
Dodging        | 4 5 7 8 9 |  9.7
Fighting       | |  1.5
Throwing       | |  2.0
Stealth        | |  5.8

Action                   |  1- 3 |  4- 6 || total
-------------------------+-------+-------++-------
Melee: Dagger            |    29 |       ||    29
       Rapier            |     4 |    25 ||    29
  Use: Potion            |     1 |     2 ||     3
 Stab: Sleeping          |     1 |       ||     1
Armor: Robe              |     2 |     3 ||     5
Dodge: Dodged            |    20 |    13 ||    33

Table legend:
 A = Spawn XP
 B = Non-spawn XP
 C = Spawn XP percentage of total XP
 D = Spawn monster count
 E = Non-spawn monster count
 F = Spawn count percentage of total count
 G = Total turns spent on level
                    A         B        C        D         E        F      G
               +---------+---------+-------+---------+---------+-------+---------
         Total |       0 |     313 |   0.0 |       0 |      16 |   0.0 |   330
               +---------+---------+-------+---------+---------+-------+---------
             D |       0 |     313 |   0.0 |       0 |      16 |   0.0 |   330
               +---------+---------+-------+---------+---------+-------+---------
